cohdb
Replays
Latest Replays
All Replays
Popular Replays
Top Player Replays
Match Explorer
How It Works
Community
CoH3 Stats
Reddit
Sign in to upload your games and track your stats! →
Sign in with Steam
Match 43609108
Unlisted
Match 43609108
Overview
Messages
Build Orders
End
Construct Section Command Post
Vickers Machine Gun Team
Infantry Section
Infantry Section
Infantry Section
Construct Field Infirmary
ML 3-inch Mortar Team
Construct Platoon Command Post
Infantry Training
6-pounder Anti-tank Gun Team
Selects Heavy Armor Battlegroup
Selects Engineer Detachments
Selects Forward Repair Assembly
Selects UNKNOWN (2162094)
Construct Company Command Post
Selects Light Vehicle Withdraw and Refit
Selects Radio Net
Churchill IV Heavy Tank
Selects Recon Artillery
Churchill IV Heavy Tank
Recon Artillery
Radio Net
Blæksprutte
__Alien____
UH|ck
iceman
0
0
Comments
sign in to comment!
No comments posted yet!